 Dungeon Crawl Stone Soup version 0.31-a0-16-g6d2539766c (webtiles) character file.

Game seed: 18100363172812726282

50 Elsrick the Cutter (level 3, -2/22 HPs)
             Began as a Deep Elf Berserker on May 8, 2023.
             Was a Follower of Trog.
             Slain by a gnoll
             ... wielding a +0 halberd
              (8 damage)
             ... on level 2 of the Dungeon.
             The game lasted 00:03:13 (926 turns).

Elsrick the Cutter (Deep Elf Berserker)              Turns: 926, Time: 00:03:15

Health: -2/22      AC:  3    Str: 16    XL:     3   Next: 55%
Magic:  5/5        EV: 11    Int: 11    God:    Trog [*.....]
Gold:   84         SH:  7    Dex: 14    Spells: 2/2 levels left

rFire   . . .        j - +0 war axe (flame)
rCold   . . .        h - +0 kite shield
rNeg    . . .        b - +0 animal skin
rPois   .            (no helmet)
rElec   .            i - +0 cloak
rCorr   .            (no gloves)
SInv    .            (no boots)
Will    .....        (no amulet)
Stlth   ++           (no ring)
HPRegen 0.23/turn    (no ring)
MPRegen 0.09/turn

%: no passive effects
@: on berserk cooldown, slowed, very slow
A: no striking features
a: Renounce Religion, Berserk


You were on level 2 of the Dungeon.
You worshipped Trog.
Trog was aware of your devotion.
You visited 1 branch of the dungeon, and saw 2 of its levels.

You collected 84 gold pieces.

Inventory:

Hand Weapons
 a - a +0 short sword
 j - a +0 war axe of flaming (weapon)
Armour
 b - a +0 animal skin (worn)
 h - a +0 kite shield (worn)
 i - a +0 cloak (worn)
Scrolls
 c - a scroll of torment {unknown}
 d - a scroll of fog {unknown}
 f - 2 scrolls of identify {unknown}
 k - a scroll of brand weapon {unknown}
 l - a scroll of amnesia {unknown}
 m - a scroll of fear {unknown}
 n - a scroll of poison {unknown}
 o - 2 scrolls of teleportation {unknown}
 p - 2 scrolls of magic mapping {unknown}
 q - a scroll of noise {unknown}
 r - a scroll of silence {unknown}
Potions
 e - a potion of heal wounds
 g - a potion of curing {unknown}


   Skills:
 + Level 2.8 Fighting
 - Level 3.4 Short Blades
 * Level 0.9 Axes
 + Level 1.6 Armour
 + Level 2.9 Dodging
 + Level 0.7 Stealth
 + Level 0.4 Shields


You had 2 spell levels left.
You didn't know any spells.
Your spell library contained the following spells:

 Spells                   Type           Power      Damage    Failure   Level
 Foxfire                  Conj/Fire      0%         2x1d4     75%         1
 Blink                    Tloc           0%         N/A       87%         2
 Lesser Beckoning         Tloc           0%         N/A       87%         2
 Momentum Strike          Conj/Tloc      0%         3d8       87%         2


Dungeon Overview and Level Annotations

Branches:
Dungeon (2/15)

Altars:

Shops:
D:1 ?


Message History

You are exhausted.
You feel yourself slow down. The ball python bites you.
The ball python grabs you. The ball python constricts you.
You slash the ball python! You burn the ball python.
You kill the ball python!
Trog accepts your kill.
A gnoll comes into view. It is wielding a +0 halberd.
Found 6 stones.
A rat comes into view.
The gnoll hits you with a +0 whip. The gnoll hits you with a +0 whip.
You hit the gnoll. You burn the gnoll.
The gnoll is moderately wounded.
You block the gnoll's attack. The gnoll hits you with a +0 whip.
The gnoll closely misses you. The gnoll hits you with a +0 whip.
You hit the gnoll. You burn the gnoll.
The gnoll is heavily wounded.
The gnoll closely misses you. You block the gnoll's attack.
The gnoll hits you with a +0 whip.
* * * LOW HITPOINT WARNING * * *
The gnoll barely misses you. You block the gnoll's attack.
The gnoll barely misses you.
Unknown command.
It was a potion of heal wounds.
You feel much better. The rat bites you. You block the gnoll's attack.
The gnoll closely misses you.
You closely miss the gnoll.
The gnoll is heavily wounded.
You hit the rat. You burn the rat.
You kill the rat!
Trog accepts your kill. The gnoll closely misses you.
The gnoll hits you with a +0 whip. The gnoll closely misses you. x2
You hit the gnoll. You burn the gnoll.
The gnoll is severely wounded.
The gnoll closely misses you. The gnoll hits you with a +0 whip!
You block the gnoll's attack.
The gnoll hits you from afar with a +0 halberd.
* * * LOW HITPOINT WARNING * * *
The gnoll hits you from afar with a +0 halberd!
You die...

g###........#
g.#......).#
#.#........#
#.#).......#
#.g#########
##.....#
#####.###
##### #...#
#...#
###.###@..#
#..gg†..#
#..........#
########...#
#.(.# #####


You could see 2 gnolls.

Vanquished Creatures
  2 gnolls (D:2)
  A worm (D:2)
  4 ball pythons
  3 endoplasms
  3 giant cockroaches (D:1)
  A goblin (D:1)
  2 hobgoblins (D:1)
  A quokka (D:1)
  2 bats (D:1)
  A frilled lizard (D:1)
  3 kobolds (D:1)
  3 rats
26 creatures vanquished.

Notes
Turn   | Place    | Note
-------+----------+-------------------------------------------
     0 | D:1      | Elsrick the Deep Elf Berserker began the quest for the Orb.
     0 | D:1      | Reached XP level 1. HP: 13/13 MP: 3/3
     5 | D:1      | Noticed an anaconda
     8 | D:1      | Noticed an anaconda
   103 | D:1      | Found Namuatos's Magic Scroll Shop.
   179 | D:1      | Found a faded altar of an unknown god.
   184 | D:1      | Got Plato's Precepts of Conflagration
   213 | D:1      | Reached XP level 2. HP: 14/18 MP: 4/4
   903 | D:2      | Reached XP level 3. HP: 22/22 MP: 5/5
   926 | D:2      | Slain by a gnoll

Illustrated notes

Levels and vault maps discovered:
D:1:      sevenhm_arrival_forest_fort_small_2, layout_loops_ring, serial_shops,
          nicolae_shop_advertising_works [nicolae_subvault_shop_adworks],
          shapermc_ecumenical_altar_rom_forum, minmay_box_of_dots
D:2:      layout_rooms, basic_altar, due_unseen_surprise, uniq_robin

Action                     || total
---------------------------++-------
  Melee: Short sword       ||    69
         Punch             ||     2
         War axe           ||    37
 Invoke: Berserk           ||     1
    Use: Potion            ||     1
   Stab: Sleeping          ||     2
 Armour: Animal skin       ||    17
  Dodge: Dodged            ||    67
  Block: Kite shield       ||    28

Table legend: (Time is in decaauts)
 A = Elapsed time spent in this place.
 B = Non-inter-level travel time spent in this place.
 C = Inter-level travel time spent in this place.
 D = Time resting spent in this place.
 E = Time spent auto-exploring this place.
 F = Levels seen in this place.
 G = Mean time per level.
                   A        B        C        D        E       F      G
               +--------+--------+--------+--------+--------+-----+--------+
         Total |    943 |    925 |     18 |    167 |    461 |   2 |  471.5 |
       Dungeon |    943 |    925 |     18 |    167 |    461 |   2 |  471.5 |
               +--------+--------+--------+--------+--------+-----+--------+

Top non-repeatable levels by time:
     D:1: 803 daAuts
     D:2: 139 daAuts
